 Dungeon Crawl Stone Soup version 0.25-a0-420-g1cc7eeb0d1 (webtiles) character file.

Game seed: 11900832142376627367, levelgen mode: deterministic

6 BeastOfSaturn the Grasshopper (level 1, -1/16 HPs)
             Began as a Demonspawn Warper on Jan 18, 2020.
             Slain by a goblin (3 damage)
             ... on level 1 of the Dungeon.
             The game lasted 00:01:44 (33 turns).

BeastOfSaturn the Grasshopper (Demonspawn Warper)     Turns: 33, Time: 00:01:45

Health: -1/16      AC:  3    Str: 11    XL:     1   Next: 75%
Magic:  3/3        EV: 12    Int: 14    God:
Gold:   0          SH:  0    Dex: 12    Spells: 4/4 levels left

rFire    . . .     SeeInvis .   a - +0 spear
rCold    . . .     Gourm    .   (no shield)
rNeg     . . .     Faith    .   b - +0 leather armour
rPois    .         Spirit   .   (no helmet)
rElec    .         Reflect  .   (no cloak)
rCorr    .         Harm     .   (no gloves)
MR       .....                  (no boots)
Stlth    +.........             (no amulet)
HPRegen  0.05/turn              (no ring)
MPRegen  0.08/turn              (no ring)

@: no status effects
A: no striking features
a: no special abilities


You were on level 1 of the Dungeon.
You were not hungry.

You visited 1 branch of the dungeon, and saw 1 of its levels.

Inventory:

Hand Weapons
 a - a +0 spear (weapon)
Missiles
 e - 5 boomerangs of dispersal (quivered)
Armour
 b - a +0 leather armour (worn)
Scrolls
 d - a scroll of blinking
Comestibles
 f - a ration


   Skills:
 + Level 2.1 Fighting
 + Level 1.9 Polearms
 + Level 1.1 Throwing
 + Level 0.8 Armour
 + Level 2.0 Dodging
 + Level 2.0 Spellcasting
   Level 2.6 Translocations


You had 4 spell levels left.
You didn't know any spells.
Your spell library contained the following spells:

 Spells                   Type           Power        Failure   Level  Hunger
 Blink                    Tloc           N/A          16%         2    ###....
 Shroud of Golubria       Chrm/Tloc      #.....       26%         2    ###....
 Gell's Gravitas          Tloc           #.........   30%         3    ####...
 Lesser Beckoning         Tloc           #.........   30%         3    ####...
 Teleport Other           Tloc           #.......     30%         3    ####...
 Passage of Golubria      Tloc           N/A          71%         4    #####..


Dungeon Overview and Level Annotations

Branches:
Dungeon (1/15)

Altars:


Message History

You hit the ball python.
You kill the ball python!
Your Throwing skill increases to level 1!
You hit the frilled lizard.
You kill the frilled lizard!
You are too injured to fight recklessly!
You are too injured to fight recklessly!
Sorry, you're not good enough to have a special ability.
There are monsters nearby!
Okay, then.
You are a level 1 Demonspawn Warper.
You are 75% of the way to level 2.
Play time: 00:01:39 (31 turns)
The goblin hits you but does no damage. The rat barely misses you.
There is an open door, spattered with blood here.
Items here: †††† a frilled lizard corpse; a ball python corpse; a leopard gecko corpse a hobgoblin corpse
There is a staircase leading out of the dungeon, spattered with blood here.
You closely miss the goblin. The goblin hits you.
You die...

..## ... #######
.. ....... .#
....##.####.####..
#................
##...⌠.r.⌠.)#..
......#g#......#
......#@#......#
......###......#
.....⌠...⌠.....#
...............#
...............#
...............#
...............
...............


You could see a goblin and a rat.

Vanquished Creatures
  A leopard gecko (D:1)
  A ball python (D:1)
  A hobgoblin (D:1)
  A frilled lizard (D:1)
  A goblin (D:1)
5 creatures vanquished.

Notes
Turn   | Place    | Note
-------+----------+-------------------------------------------
     0 | D:1      | BeastOfSaturn the Demonspawn Warper began the quest for the
                  | Orb.
     0 | D:1      | Reached XP level 1. HP: 16/16 MP: 3/3
    29 | D:1      | Reached skill level 1 in Throwing
    33 | D:1      | Slain by a goblin

Levels and vault maps discovered:
D:1:      scummos_arrival_simple_fountains, layout_rooms

Skill      XL: |  1 |
---------------+----+-----
Dodging        | 2 |  2.0
Throwing       | 1 |  1.1
Fighting       | |  2.1
Polearms       | |  1.9
Armour         | |  0.8
Spellcasting   | |  2.0
Translocations | |  2.6

Action                   || total
-------------------------++-------
Melee: Spear             ||    23
Armor: Leather armour    ||     2
Dodge: Dodged            ||    15

Table legend:
 A = Non-vault XP
 B = Vault XP
 C = Vault XP percentage of total XP
 D = Non-vault monster count
 E = Vault monster count
 F = Vault count percentage of total count
                 A         B        C        D         E       F
            +---------+---------+-------+---------+---------+-------
      Total |       9 |       0 |   0.0 |       5 |       0 |   0.0
            +---------+---------+-------+---------+---------+-------
        D:1 |       9 |       0 |   0.0 |       5 |       0 |   0.0
            +---------+---------+-------+---------+---------+-------
